 Dungeon Crawl Stone Soup version 0.31-a0-198-g2ad674f65e (webtiles) character file.

Game seed: 7070984161505853827

54 qw the Shooter (level 3, -1/20 HPs)
             Began as a Deep Elf Hunter on June 25, 2023.
             Succumbed to an adder's poison
             ... on level 2 of the Dungeon.
             The game lasted 00:00:21 (893 turns).

qw the Shooter (Deep Elf Hunter)                     Turns: 893, Time: 00:00:22

Health: -1/20      AC:  3    Str: 10    XL:     3   Next: 66%
Magic:  5/5        EV: 12    Int: 13    God:
Gold:   83         SH:  0    Dex: 18    Spells: 2/2 levels left

rFire   + . .        Y - +0 shortbow
rCold   . . .        (shield currently unavailable)
rNeg    . . .        c - +0 leather armour
rPois   .            (no helmet)
rElec   .            (no cloak)
rCorr   .            (no gloves)
SInv    .            (no boots)
Will    .....        (no amulet)
Stlth   ++           g - ring of protection from fire
HPRegen 0.23/turn    (no ring)
MPRegen 0.09/turn

%: no passive effects
@: lethally poisoned (-1 -> -9)
A: no striking features
a: no special abilities


You were on level 2 of the Dungeon.
You visited 1 branch of the dungeon, and saw 2 of its levels.

You collected 83 gold pieces.


   Skills:
 - Level 1.5 Fighting
 + Level 7.2 Ranged Weapons
 - Level 2.4 Dodging
 - Level 1.2 Stealth


You had 2 spell levels left.
You didn't know any spells.
Your spell library was empty.

Inventory:

Hand Weapons
 Y - a +0 shortbow (weapon)
Armour
 c - a +0 leather armour (worn)
Jewellery
 g - a ring of protection from fire (left hand)
Scrolls
 b - a scroll of brand weapon {unknown}
 h - a scroll of teleportation {unknown}
Potions
 a - a potion of heal wounds {unknown}
 d - a potion of berserk rage {unknown}
 e - a potion of cancellation {unknown}
 f - a potion of ambrosia {unknown}

Dungeon Overview and Level Annotations

Branches:
Dungeon (2/15)

Altars:

Annotations:
D:2 Robin, Terence


Message History

You kill the hobgoblin!
The adder barely misses you.
A goblin comes into view. It is wielding a +0 club.
You shoot an arrow. The arrow closely misses the adder.
The arrow hits the goblin.
You kill the goblin!
The adder bites you but does no damage.
Robin of the Strong Arm comes into view.
They are wielding a +0 short sword.
You shoot an arrow. The arrow closely misses the adder.
The arrow hits the goblin!
You kill the goblin!
The adder bites you.
Robin roars a battlecry!
The goblins go into a battle-frenzy!
A hobgoblin comes into view.
Terence the Incautious comes into view.
He is wielding a +0 mace and wearing a +3 chain mail of cold resistance.
You hear a shout!
You shoot an arrow. The arrow misses the adder.
The hobgoblin shouts!
The arrow hits the hobgoblin but does no damage.
The adder bites you.
You are poisoned.
The adder poisons you! The adder bites you.
You are more poisoned.
The adder poisons you!
You shoot an arrow. The arrow closely misses the adder.
The arrow hits the hobgoblin!
You kill the hobgoblin!
You feel sick. The adder bites you.
You are lethally poisoned!
The adder poisons you!
Your Ranged Weapons skill increases to level 7!
You shoot an arrow. The arrow hits the adder!
You kill the adder!
You feel very sick.
The goblin unwields a +0 club.
The goblin wields a +0 sling.
The goblin shoots a sling bullet.
The sling bullet hits you.
You shoot an arrow. The arrow closely misses the goblin.
The arrow barely misses the hobgoblin.
You die... .....# ....# ....# @gg

.g. #)# #%# #@#
#.# ##.#
###.#####..#####
...............##
..#######....?..#
#...###### ## #.
##..## ...
....####...#


You could see Terence, Robin, a hobgoblin (strong) and a goblin (strong).

Vanquished Creatures
  2 adders (D:2)
  4 ball pythons
  An endoplasm (D:1)
  A giant cockroach (D:2)
  4 goblins
  3 hobgoblins
  8 jackals (D:1)
  A quokka (D:1)
  4 bats
  A frilled lizard (D:2)
  A kobold (D:1)
  5 rats
35 creatures vanquished.

Notes
Turn   | Place    | Note
-------+----------+-------------------------------------------
     0 | D:1      | qw the Deep Elf Hunter began the quest for the Orb.
     0 | D:1      | Reached XP level 1. HP: 12/12 MP: 3/3
     0 | D:1      | 0 ||| qw: Version: 0.3-a-22-g0ed2b0b
     0 | D:1      | 0 ||| qw: Game counter: 5192
     0 | D:1      | 0 ||| qw: Melee chars always use a shield: true
     0 | D:1      | 0 ||| qw: God list: Okawaru
     0 | D:1      | 0 ||| qw: Allow faded altars: false
     0 | D:1      | 0 ||| qw: Do Orc after clearing Dungeon:15 true
     0 | D:1      | 0 ||| qw: Do second Lair branch before Depths: true
     0 | D:1      | 0 ||| qw: Lair rune preference: random
     0 | D:1      | 0 ||| qw: Goals: Normal
     0 | D:1      | 0 ||| PLANNING D:1-11
   168 | D:1      | Reached XP level 2. HP: 16/16 MP: 4/4
   203 | D:1      | Reached skill level 6 in Ranged Weapons
   220 | D:1      | 220 ||| FLEEEEING.
   221 | D:1      | 221 ||| FLEEEEING.
   222 | D:1      | 222 ||| FLEEEEING.
   223 | D:1      | 223 ||| FLEEEEING.
   735 | D:1      | 735 ||| UPGRADING to ring of protection from fire.
   736 | D:1      | 736 ||| READING scroll labelled JOET GUVIVINON.
   737 | D:1      | 737 ||| READING scroll labelled ERUIKA WUONTE.
   738 | D:1      | 738 ||| DROPPING scroll of butterflies.
   784 | D:2      | Reached XP level 3. HP: 20/20 MP: 5/5
   888 | D:2      | Noticed Robin
   889 | D:2      | Noticed Terence
   892 | D:2      | Reached skill level 7 in Ranged Weapons
   892 | D:2      | HP: 3/20 [poisoned by an adder]
   892 | D:2      | HP: 1/20 [goblin/sling bullet[Robin] (2)]
   893 | D:2      | Succumbed to an adder's poison

Levels and vault maps discovered:
D:1:      heliophobic_arrival_dark_side_of_the_moon, layout_basic
D:2:      layout_rooms, chequers_ecumenical_altar_simple, serial_shops,
          nicolae_book_shop_shelving, uniq_robin, uniq_terence

Skill      XL: |  1  2  3 |
---------------+----------+-----
Ranged Weapons | 6 7 |  7.2
Fighting       | |  1.5
Dodging        | |  2.4
Stealth        | |  1.2

Action                     || total
---------------------------++-------
   Fire: Shortbow          ||    80
    Use: Scroll            ||     2
 Armour: Leather armour    ||     3
  Dodge: Dodged            ||    10

Table legend:
 A = Non-vault XP
 B = Vault XP
 C = Vault XP percentage of total XP
 D = Non-vault monster count
 E = Vault monster count
 F = Vault count percentage of total count
                 A         B        C        D         E       F
            +---------+---------+-------+---------+---------+-------
      Total |      72 |       6 |   7.7 |      31 |       4 |  11.4
            +---------+---------+-------+---------+---------+-------
        D:1 |      37 |       0 |   0.0 |      23 |       0 |   0.0
        D:2 |      35 |       6 |  14.6 |       8 |       4 |  33.3
            +---------+---------+-------+---------+---------+-------
